 Dungeon Crawl Stone Soup version 0.19-a0-1886-gd64a0f0 (webtiles) character file.

19 Psiweapon the Slasher (level 2, -1/22 HPs)
             Began as a Vampire Gladiator on Oct 16, 2016.
             Killed from afar by a dart slug (3 damage)
             ... with a slug dart
             ... on level 4 of the Dungeon.
             The game lasted 00:01:15 (556 turns).

Psiweapon the Slasher (Vampire Gladiator)            Turns: 556, Time: 00:01:15

Health: -1/22      AC:  4    Str: 14    XL:     2   Next: 55%
Magic:  2/2        EV: 13    Int: 10    God:
Gold:   14         SH:  0    Dex: 14    Spells: 0 memorised, 1 level left

rFire  . . .     SeeInvis +     a - +0 long sword
rCold  . . .     Gourm    .     b - +0 leather armour
rNeg   + + .     Faith    .     (no shield)
rPois  .         Spirit   .     c - +0 helmet
rElec  .         Dismiss  .     (no cloak)
rCorr  .         Reflect  .     (no gloves)
MR     .....     Harm     .     (no boots)
Stlth  +.........               (no amulet)
                                (no ring)
                                g - ring of positive energy

@: no status effects
A: fangs 3, see invisible, unbreathing
a: no special abilities


You were on level 4 of the Dungeon.
You were not thirsty.

You visited 1 branch of the dungeon, and saw 4 of its levels.

You collected 14 gold pieces.

Inventory:

Hand Weapons
 a - a +0 long sword (weapon)
Missiles
 d - 3 throwing nets (quivered)
Armour
 b - a +0 leather armour (worn)
 c - a +0 helmet (worn)
Jewellery
 g - a ring of positive energy (left hand)
Scrolls
 h - a scroll of remove curse {unknown}
Potions
 e - 4 potions of blood
 f - 3 potions of curing {unknown}


   Skills:
 - Level 1.7 Fighting
 * Level 3.7 Long Blades
 - Level 1.5 Throwing
 + Level 3.5 Dodging


You had one spell level left.
You didn't know any spells.

Dungeon Overview and Level Annotations

Branches:
Dungeon (4/15)
 Temple: D:4-7

Altars:
Nemelex Xobeh

Annotations:
D:4 matthes123's ghost, amateur GrFi


Innate Abilities, Weirdness & Mutations

You have razor-sharp teeth.
You have supernaturally acute eyesight. (SInv)
You can survive without breathing.


Message History

You see here a giant cockroach corpse.
There is a stone staircase leading down here.
You climb downwards.
Matthes123's ghost (amateur Gargoyle Fighter) comes into view.
Matthes123's ghost turns its malevolent gaze towards you.
Found a scroll labeled DUADUM ZAOFINK and a scale mail.
There is a stone staircase leading up here.
Matthes123's ghost whispers, "Trust me.
Just give in."
You see here a scroll labeled DUADUM ZAOFINK.
h - a scroll labeled DUADUM ZAOFINK Matthes123's ghost hits you!
Matthes123's ghost hits you!
Ouch! That really hurt!
* * * LOW HITPOINT WARNING * * *
A dart slug comes into view.
There is a stone staircase leading up here.
Matthes123's ghost barely misses you. The dart slug launches a dart at you.
The slug dart hits you!
You die...

#.. ... #... #.#
#.... #.##
#....####..# ####.
...........## .....
............#......
............#.....w
...................
......##..W@.......
...... #...........
................[..
......##....#..###.
..... ......##.#
#... #....... ...
###...##. ... .....
..... #...# ..


You could see matthes123's ghost and a dart slug.

Vanquished Creatures
  A dart slug (D:1)
  A leopard gecko (D:1)
  2 ball pythons (D:1)
  A giant cockroach (D:3)
  2 goblins (D:1)
  2 hobgoblins (D:1)
  A bat (D:1)
  3 frilled lizards
  2 kobolds (D:1)
  A rat (D:1)
16 creatures vanquished.

Notes
Turn   | Place    | Note
-------+----------+-------------------------------------------
     0 | D:1      | Psiweapon the Vampire Gladiator began the quest for the Orb.
     0 | D:1      | Reached XP level 1. HP: 16/16 MP: 1/1
    70 | D:1      | Found a sparkling altar of Nemelex Xobeh.
   252 | D:1      | Reached XP level 2. HP: 21/22 MP: 2/2
   545 | D:4      | Noticed matthes123's ghost (amateur GrFi)
   556 | D:4      | Killed from afar by a dart slug

Vault maps used:
D:1:      lightli_arrival_flooded_house, nemelex_xobeh_ov_fountains_minmay
D:2:      first_bread, uniq_natasha, uniq_jessica
D:3:      uniq_crazy_yiuf_cottage, uniq_iyjb
D:4:      serial_shops, shop, minivault_4, amethyst_killhole, uniq_grinder,
          uniq_blork_the_orc, uniq_duvessa, uniq_eustachio, uniq_edmund

Action                   || total
-------------------------++-------
Melee: Long sword        ||    40
       Bite              ||     2
 Stab: Sleeping          ||     1
  Eat: Corpse            ||     2
Armor: Leather armour    ||    14
Dodge: Dodged            ||    33
       Rpst.: Long sword ||     7
